 Dungeon Crawl Stone Soup version 0.26.0-8-g74fc34ddfb (webtiles) character file.

Game seed: 6794846766346172814

67 H0rd4k the Magician (level 3, 0/19 HPs)
             Began as a Deep Elf Hedge Wizard on Jan 12, 2021.
             Slain by a worm (10 damage)
             ... on level 2 of the Dungeon.
             The game lasted 00:02:41 (2193 turns).

H0rd4k the Magician (Deep Elf Hedge Wizard)         Turns: 2193, Time: 00:02:42

Health: 0/19       AC:  2    Str:  7    XL:     3   Next: 98%
Magic:  4/11       EV: 13    Int: 19    God:
Gold:   67         SH:  0    Dex: 14    Spells: 3/12 levels left

rFire    . . .     SeeInvis .   a - +0 dagger
rCold    . . .     Faith    .   (no shield)
rNeg     . . .     Spirit   .   b - +0 robe
rPois    .         Reflect  .   c - +0 hat
rElec    .         Harm     .   (no cloak)
rCorr    .         Rampage  .   (no gloves)
Will     .....                  (no boots)
Stlth    ++........             g - amulet of regeneration
HPRegen  0.46/turn              (no ring)
MPRegen  0.12/turn              (no ring)

@: very slightly contaminated
A: no striking features
a: no special abilities


You were on level 2 of the Dungeon.
You visited 1 branch of the dungeon, and saw 2 of its levels.

You collected 67 gold pieces.

Inventory:

Hand Weapons
 a - a +0 dagger (weapon)
Armour
 b - a +0 robe (worn)
 c - a +0 hat (worn)
Jewellery
 g - an amulet of regeneration (around neck)
Scrolls
 e - 2 scrolls of enchant weapon {unknown}
 f - a scroll of random uselessness {unknown}
 i - a scroll of fog {unknown}
Potions
 d - a potion of curing {unknown}
 h - 2 potions of brilliance {unknown}


   Skills:
 + Level 3.3 Dodging
 + Level 2.5 Stealth
 + Level 5.4 Spellcasting
 + Level 2.0 Conjurations
 + Level 1.1 Summonings
 + Level 1.1 Translocations
 * Level 0.7 Fire Magic
 * Level 0.5 Air Magic
 * Level 0.4 Poison Magic


You had 3 spell levels left.
You knew the following spells:

 Your Spells              Type           Power        Failure   Level
a - Magic Dart            Conj           48%          5%          1
b - Blink                 Tloc           N/A          12%         2
c - Conjure Flame         Conj/Fire      10%          21%         3
d - Mephitic Cloud        Conj/Pois/Air  8%           24%         3

Your spell library contained the following spells:

 Spells                   Type           Power        Failure   Level
 Call Imp                 Summ           9%           12%         2
 Slow                     Hex            5%           19%         2


Dungeon Overview and Level Annotations

Branches:
Dungeon (2/15)

Altars:
Trog


Message History

Aim: a worm (heavily wounded, 0% to evade)
You miscast Magic Dart.
Nothing appears to happen.
The worm bites you!
Ouch! That really hurt!
Casting: Magic Dart (safe; 5% risk of failure)
Confirm with . or Enter, or press ? or * to list all spells.
Aiming: Magic Dart (safe; 5% risk of failure)
Press: ? - help, Shift-Dir - straight line, f/p - worm
Aim: a worm (heavily wounded, 0% to evade)
The magic dart hits the worm.
The worm is severely wounded.
Casting: Magic Dart (safe; 5% risk of failure)
Confirm with . or Enter, or press ? or * to list all spells.
Aiming: Magic Dart (safe; 5% risk of failure)
Press: ? - help, Shift-Dir - straight line, f/p - worm
Aim: a worm (severely wounded, 0% to evade)
The magic dart hits the worm.
The worm is almost dead.
The worm bites you!
Ouch! That really hurt!
You die...

... #.....# #.#
#.#.......#....## #.##
#.#.......#....# #.##
..).._.....#..#####.##
#.......#.#..........
#...... #....#####.##
.(.. #..### #...
#.####w####..# ####
#.....@†(....#
#......####...#
#.##### #####


You could see a worm.

Vanquished Creatures
  2 adders (D:2)
  A dart slug (D:2)
  2 leopard geckos (D:1)
  3 giant cockroaches
  8 goblins (D:1)
  6 hobgoblins (D:1)
  3 kobolds
  A ball python (D:1)
  7 bats
  2 frilled lizards
  5 rats (D:1)
40 creatures vanquished.

Notes
Turn   | Place    | Note
-------+----------+-------------------------------------------
     0 | D:1      | H0rd4k the Deep Elf Hedge Wizard began the quest for the
                  | Orb.
     0 | D:1      | Reached XP level 1. HP: 10/10 MP: 7/7
   350 | D:1      | Reached XP level 2. HP: 8/15 MP: 0/9
   723 | D:1      | Reached skill level 5 in Spellcasting
  1120 | D:1      | Reached XP level 3. HP: 19/19 MP: 3/11
  1231 | D:1      | Learned a level 2 spell: Blink
  1235 | D:1      | Learned a level 3 spell: Conjure Flame
  1239 | D:1      | Learned a level 3 spell: Mephitic Cloud
  2182 | D:2      | Found a bloodstained altar of Trog.
  2193 | D:2      | Slain by a worm

Illustrated notes

Levels and vault maps discovered:
D:1:      dpeg_cavernosity, layout_basic, st_stairs_2
D:2:      layout_loops_ring, old_standard_altar,
          chequers_ecumenical_altar_grove, solitary_fountain, minmay_cut_off

Skill      XL: |  1  2  3 |
---------------+----------+-----
Spellcasting   | 5 |  5.4
Dodging        | 3 |  3.3
Conjurations   | 2 |  2.0
Stealth        | |  2.5
Summonings     | |  1.1
Translocations | |  1.1
Fire Magic     | |  0.7
Air Magic      | |  0.5
Poison Magic   | |  0.4

Action                   || total
-------------------------++-------
Melee: Dagger            ||     9
 Cast: Magic Dart        ||   121
Armor: Robe              ||    15
Dodge: Dodged            ||    44
